 Dungeon Crawl Stone Soup version 0.27-a0-1149-g4505690ab0 (webtiles) character file.

Game seed: 14863980698419610807

128 sizableburger the Cudgeller (level 4, -3/29 HPs)
             Began as a Mummy Warper on May 14, 2021.
             Was a Follower of Hepliaklqana.
             Killed from afar by Natasha (7 damage)
             ... with a magic dart
             ... on level 2 of the Dungeon.
             The game lasted 00:04:54 (2900 turns).

sizableburger the Cudgeller (Mummy Warper)          Turns: 2900, Time: 00:04:56

Health: -3/29      AC:  3    Str: 15    XL:     4   Next: 86%
Magic:  6/8        EV: 11    Int: 12    God:    Hepliaklqana [*.....]
Gold:   50         SH:  0    Dex: 11    Spells: 6/8 levels left

rFire    x . .     SeeInvis .   a - +0 mace
rCold    + . .     Faith    .   (no shield)
rNeg     + + +     Spirit   .   b - +0 leather armour
rPois    ∞         Reflect  .   (no helmet)
rElec    .         Harm     .   (no cloak)
rCorr    .         Rampage  .   (no gloves)
Will     .....                  (no boots)
Stlth    +.........             i - amulet of regeneration
HPRegen  1.09/turn              (no ring)
MPRegen  0.11/turn              (no ring)

@: very slightly contaminated
A: reduced essence, cold resistance 1, negative energy resistance 3, torment
resistance 2, heat vulnerability 1, no potions
a: Renounce Religion, Recall Ancestor, Ancestor Identity


You were on level 2 of the Dungeon.
You worshipped Hepliaklqana.
Hepliaklqana was aware of your devotion.
You visited 1 branch of the dungeon, and saw 2 of its levels.

You collected 50 gold pieces.

Inventory:

Hand Weapons
 a - a +0 mace (weapon)
Missiles
 e - 4 boomerangs of dispersal (quivered)
Armour
 b - a +0 leather armour (worn)
Jewellery
 i - an amulet of regeneration (around neck)
Scrolls
 c - 2 scrolls of identify
 d - a scroll of torment {unknown}
 f - a scroll of amnesia
 g - a scroll of magic mapping


   Skills:
 - Level 2.0 Fighting
 + Level 3.6 Maces & Flails
 - Level 0.7 Throwing
 - Level 0.7 Armour
 - Level 1.5 Dodging
 - Level 2.6 Spellcasting
 + Level 3.2 Translocations


You had 6 spell levels left.
You knew the following spells:

 Your Spells              Type           Power      Damage    Failure   Level
a - Blink                 Tloc           N/A        N/A       13%         2

Your spell library contained the following spells:

 Spells                   Type           Power      Damage    Failure   Level
 Gell's Gravitas          Tloc           4%         N/A       26%         3
 Lesser Beckoning         Tloc           4%         N/A       26%         3
 Teleport Other           Tloc           9%         N/A       26%         3
 Manifold Assault         Tloc           9%         N/A       93%         5
 Leda's Liquefaction      Hex/Erth       0%         N/A       97%         4
 Yara's Violent Unravell  Hex/Tmut       0%         3d3       100%        5
 Eringya's Noxious Bog    Tmut/Pois      0%         N/A       100%        6
 Spider Form              Tmut/Pois      Unusable   N/A       N/A         3

Dungeon Overview and Level Annotations

Branches:
Dungeon (2/15)

Altars:
Hepliaklqana
Nemelex Xobeh

Annotations:
D:2 Natasha


Innate Abilities, Weirdness & Mutations

Your life essence is reduced to manifest your ancestor. (-10% HP)
You are immune to poison.
Your flesh is cold resistant. (rC+)
You are immune to negative energy. (rN+++)
You are immune to unholy pain and torment.
You are vulnerable to heat. (rF-)
You do not drink.


Message History

You hit the crimson imp.
The crimson imp is severely wounded.
The crimson imp misses you.
Biggus Dickus barely misses the crimson imp.
You hit the crimson imp.
You kill the crimson imp!
Natasha zaps a wand.
The puff of flame misses you. Natasha barely misses you.
Unknown command.
You hit Natasha.
Natasha is moderately wounded.
Natasha zaps a wand.
The puff of flame hits you! The fire burns you terribly!
The shadow imp hits you.
Biggus Dickus barely misses the shadow imp.
Natasha completely misses you.
Unknown command.
You completely miss Natasha.
Natasha is moderately wounded.
The shadow imp barely misses you.
Biggus Dickus closely misses the shadow imp.
Natasha casts a spell at you. The magic dart hits you. The shadow imp hits you.
* * * LOW HITPOINT WARNING * * *
You hit Natasha.
Natasha is heavily wounded.
Biggus Dickus closely misses the shadow imp.
Natasha claws you.
* * * LOW HITPOINT WARNING * * *
The shadow imp barely misses you.
Biggus Dickus barely misses the shadow imp.
Okay, then.
You aren't carrying any items that you can evoke.
Casting: Blink (safe; 13% risk of failure)
Confirm with . or Enter, or press ? or * to list all spells.
You miscast Blink.
You are very lightly contaminated with residual magic.
Nothing appears to happen.
Natasha casts a spell at you. The magic dart hits you!
You die...

########
.....(.########
##.............
##.###.#######. #.
##.# #.#
###.####### #. #.#
#)# #..#......#
..# #.# #.#
#.#.R.###.# #..
#.# #.# #...5@#
#.# #.. #.# #.#
#.(.h.# #.# #..
##.# #.#####.._..#
#.# #..
.#.###....##.....#
#.# #..
.................#
#.# #..
##......#.###..###
#.# ##. ######.#.#
##.# #.# ########.
#.#.# #.# ##.#
#........ ###.#.#
#.#
##..####.#.####.


You could see the friendly Biggus Dickus the ancestor, Natasha (ally target) and
a shadow imp (summoned).

Vanquished Creatures
  Natasha (twice) (D:2)
  4 bats
  3 endoplasms
  3 giant cockroaches (D:1)
  5 goblins
  6 hobgoblins
  4 jackals
  5 kobolds
  2 rats
34 creatures vanquished.

Vanquished Creatures (collateral kills)
  Jessica (D:2)
  An adder (D:2)
  A worm (D:2)
  A jackal (D:2)
4 creatures vanquished.

Vanquished Creatures (others)
  4 ancestors (D:2)
4 creatures vanquished.

Grand Total: 42 creatures vanquished

Notes
Turn   | Place    | Note
-------+----------+-------------------------------------------
     0 | D:1      | sizableburger the Mummy Warper began the quest for the Orb.
     0 | D:1      | Reached XP level 1. HP: 16/16 MP: 4/4
   381 | D:1      | Reached XP level 2. HP: 11/22 MP: 5/5
  1323 | D:1      | Found a faded altar of an unknown god.
  1331 | D:1      | Became a worshipper of Hepliaklqana the Forgotten
  1331 | D:1      | Reached * piety under Hepliaklqana
  1354 | D:1      | Reached XP level 3. HP: 17/24 MP: 7/7
  1434 | D:2      | HP: 1/24 [worm (11)]
  1439 | D:2      | Noticed Natasha
  1720 | D:1      | Learned a level 2 spell: Blink
  1877 | D:2      | Killed Natasha
  2095 | D:2      | Noticed Jessica
  2102 | D:2      | Killed Jessica
  2103 | D:2      | Reached XP level 4. HP: 27/29 MP: 8/8
  2234 | D:2      | Identified the Reference Book on the Mutagenic Mountains
  2255 | D:2      | Found a sparkling altar of Nemelex Xobeh.
  2320 | D:2      | Noticed Natasha
  2737 | D:2      | Killed Natasha
  2890 | D:2      | Noticed Natasha
  2900 | D:2      | Killed from afar by Natasha

Illustrated notes

Levels and vault maps discovered:
D:1:      eino_arrival_cavern_e, layout_loops_ring,
          shapermc_ecumenical_altar_mp_highgroup
D:2:      layout_loops_ring, basic_altar, grunt_ministairs_1, uniq_natasha,
          uniq_jessica

Skill      XL: |  1  2  3  4 |
---------------+-------------+-----
Maces & Flails | 2 3 |  3.6
Translocations | 3 |  3.2
Fighting       | |  2.0
Throwing       | |  0.7
Armour         | |  0.7
Dodging        | |  1.5
Spellcasting   | |  2.6

Action                   |  1- 3 |  4- 6 || total
-------------------------+-------+-------++-------
Melee: Mace              |    91 |    22 ||   113
Throw: Boomerang         |     1 |       ||     1
Invok: Ancestor Identity |     2 |       ||     2
  Use: Scroll            |     4 |     2 ||     6
Armor: Leather armour    |    22 |       ||    22
Dodge: Dodged            |    61 |    20 ||    81

Table legend: (Time is in decaauts)
 A = Elapsed time spent in this place.
 B = Non-inter-level travel time spent in this place.
 C = Inter-level travel time spent in this place.
 D = Time resting spent in this place.
 E = Time spent auto-exploring this place.
 F = Levels seen in this place.
 G = Mean time per level.
                   A        B        C        D        E       F      G
               +--------+--------+--------+--------+--------+-----+--------+
         Total |   2948 |   2948 |      0 |   1307 |   1230 |   2 | 1474.0 |
       Dungeon |   2948 |   2948 |      0 |   1307 |   1230 |   2 | 1474.0 |
               +--------+--------+--------+--------+--------+-----+--------+

Top non-repeatable levels by time:
     D:1: 1844 daAuts
     D:2: 1104 daAuts
